 Dungeon Crawl Stone Soup version 0.26.1-11-gd32895ea62 (webtiles) character file.

Game seed: 2008961564945047846

1208 phalm the Conjurer (level 8, -1/56 (58) HPs)
             Began as a Demonspawn Conjurer on June 24, 2021.
             Slain by a wight
             ... wielding a cursed +1 war axe of freezing
              (3 damage)
             ... on level 7 of the Dungeon.
             The game lasted 00:08:52 (7005 turns).

phalm the Conjurer (Demonspawn Conjurer)            Turns: 7005, Time: 00:08:52

HP:   -1/56 (58)    AC:  5    Str:  5 (8)  XL:     8   Next: 21%
MP:   9/13          EV: 12    Int: 21 (22) God:
Gold: 265           SH:  0    Dex: 11      Spells: 8/14 levels left

rFire    . . .     SeeInvis +   b - +1 hand axe (flame)
rCold    . . .     Faith    .   (no shield)
rNeg     . . .     Spirit   .   a - +0 robe
rPois    .         Reflect  .   (no helmet)
rElec    .         Harm     .   (no cloak)
rCorr    .         Rampage  .   g - +0 pair of gloves
Will     .....                  (no boots)
Stlth    +.........             (no amulet)
HPRegen  0.18/turn              v - ring of see invisible
MPRegen  0.13/turn              (no ring)

@: lightly drained
A: hooves 2, yellow scales 1
a: no special abilities


You were on level 7 of the Dungeon.
You visited 1 branch of the dungeon, and saw 6 of its levels.

You collected 265 gold pieces.


Innate Abilities, Weirdness & Mutations

You have hoof-like feet.
You are partially covered in yellow scales. (AC +2)


   Skills:
 + Level 3.5 Fighting
 - Level 1.7 Dodging
 - Level 1.7 Stealth
 + Level 3.9 Spellcasting
 + Level 5.8 Conjurations
 * Level 4.4 Air Magic
 * Level 4.7 Poison Magic


You had 8 spell levels left.
You knew the following spells:

 Your Spells              Type           Power        Failure   Level
c - Mephitic Cloud        Conj/Pois/Air  25%          4%          3
m - Magic Dart            Conj           100%         1%          1
s - Searing Ray           Conj           56%          1%          2

Your spell library contained the following spells:

 Spells                   Type           Power        Failure   Level
 Conjure Flame            Conj/Fire      16%          11%         3
 Dazzling Flash           Conj/Hex       32%          11%         3
 Blink                    Tloc           N/A          19%         2
 Call Imp                 Summ           4%           19%         2
 Slow                     Hex            4%           19%         2
 Confusing Touch          Hex            4%           36%         3
 Gell's Gravitas          Tloc           2%           36%         3
 Fulminant Prism          Conj/Hex       8%           36%         4
 Iskenderun's Mystic Bla  Conj/Tloc      16%          36%         4
 Petrify                  Tmut/Erth      4%           77%         4
 Metabolic Englaciation   Hex/Ice        2%           98%         5
 Yara's Violent Unravell  Hex/Tmut       2%           98%         5

Inventory:

Hand Weapons
 b - a +1 hand axe of flaming (weapon)
   (You found it on level 1 of the Dungeon)
Missiles
 c - 26 sling bullets
 d - 20 poisoned darts (quivered)
 k - 122 stones
 l - 20 arrows
 r - 2 curare-tipped darts {=f}
 z - 2 throwing nets {=f!f}
Armour
 a - a +0 robe (worn)
 g - a +0 pair of gloves (worn)
   (You found it on level 1 of the Dungeon)
 j - a +1 buckler
   (You found it on level 2 of the Dungeon)
Jewellery
 v - a ring of see invisible (left hand)
   (You found it on level 1 of the Dungeon)
Wands
 p - a wand of disintegration (13)
   (You found it on level 3 of the Dungeon)
Scrolls
 e - 3 scrolls of remove curse {@r2}
 h - 2 scrolls of blinking {!r}
 n - 2 scrolls of enchant armour
 q - 3 scrolls of magic mapping {!r}
 t - 2 scrolls of enchant weapon {unknown}
 w - 2 scrolls of fog {unknown}
 y - a scroll of immolation {unknown}
 A - a scroll of teleportation {unknown}
 B - 2 scrolls of amnesia
 C - a scroll of identify {unknown}
Potions
 m - a potion of degeneration {!q}
 u - a potion of lignification {!q}

Dungeon Overview and Level Annotations

Branches:
Dungeon (5/15)
 Temple: D:4-7

Altars:
Cheibriados
Elyvilon
Ru
Yredelemnul

Shops:
D:5

( #### ...
##.# #@.#
##z## . #..#
... ##..# ..
#....##...##
.#>.
#.........##
....
.......##...##
..... .....##
##.†.####....#
.....
##.z).#...#


You could see a wight.


Message History

The stinking cloud engulfs the killer bee but does no damage. x2
The stinking cloud engulfs the worker ant but does no damage.
The killer bee is engulfed in noxious fumes.
The killer bee appears confused.
The killer bee is engulfed in noxious fumes.
The killer bee appears confused.
The killer bee stings the centaur skeleton!
The killer bee stings itself!
The killer bee is engulfed in noxious fumes.
The killer bee appears confused.
The killer bee stings you but does no damage. 😱 MP[-2]
You lost 2 mp, and now have 11/13 mp.
You closely miss the wight. You slash the killer bee! You burn the killer bee.
You kill the killer bee!
You hit the killer bee. You burn the killer bee.
You feel sick.
The killer bee is engulfed in noxious fumes.
The killer bee appears confused.
The killer bee stings you but does no damage.
The killer bee is engulfed in noxious fumes.
The killer bee appears confused.
The wight hits you but does no damage.
The killer bee is engulfed in noxious fumes.
The killer bee appears confused.
The killer bee stings the wight.
The wight is destroyed!
Your life force feels restored.
You now have 87 max hp (+3).
You slash the worker ant! You burn the worker ant. You slash the killer bee!
You burn the killer bee. You hit the killer bee. You burn the killer bee.
You kill the killer bee!
The killer bee is engulfed in noxious fumes.
The killer bee appears confused.
The killer bee stings you but does no damage.
The killer bee is engulfed in noxious fumes.
The killer bee appears confused.
The killer bee stings you but does no damage.
The worker ant is engulfed in noxious fumes.
The worker ant appears confused.
The worker ant bites the killer bee but does no damage.
The killer bee is engulfed in noxious fumes.
The killer bee appears confused.
You slash the worker ant! You burn the worker ant.
You kill the worker ant!
You slash the killer bee! You burn the killer bee.
You kill the killer bee!
You feel sick.
The centaur skeleton hits you but does no damage.
You feel your dexterity returning. 😱 HP[-1]
You take 1 damage, and now have 7/87 hp.
You hit the centaur skeleton. You burn the centaur skeleton.
The centaur skeleton hits you but does no damage. x2 😱 HP[+1]
You slash the centaur skeleton! You burn the centaur skeleton.
You destroy the centaur skeleton!
You feel sick. 😱 HP[-1] MP[+1]
You take 1 damage, and now have 7/87 hp.
You feel sick.
You feel sick.
You feel sick.
You feel sick.
You are no longer poisoned.
Your transformation is almost over. 😱 HP[+1] MP[+1]
Your mp is fully restored (13).
You start resting.
You feel less attractive to monsters.
You feel less wooden.
Your +0 pair of gloves unmelds from your body.
Your +0 robe unmelds from your body.
You feel a little less mighty now.
You feel a little less clever now.
A wight comes into view.
It is wielding a +1 war axe of freezing. 😱 HP[+2]
You now have 58 max hp (-29).
You regained 2 hp, and now have 10/58 hp.
A wight is nearby! 😱 HP[+1] 😱 HP[+1]
Casting: Mephitic Cloud (dangerous; 4% risk of failure)
Confirm with . or Enter, or press ? or * to list all spells.
You can't see any susceptible monsters within range! (Use Z to cast anyway.)
Casting: Mephitic Cloud (dangerous; 4% risk of failure)
Confirm with . or Enter, or press ? or * to list all spells.
Aiming: Searing Ray (safe; 1% risk of failure)
Press: ? - help, Shift-Dir - straight line, f - wight
Aim: a wight, wielding a +1 war axe of freezing and wearing a +0 robe (21% to evade)
The searing ray hits the wight. (Press . to maintain the ray.) 😱 MP[-2]
You lost 2 mp, and now have 11/13 mp.
The searing ray hits the wight! 😱 HP[+1] MP[-1]
You lost 1 mp, and now have 10/13 mp.
The searing ray hits the wight but does no damage.
The wight hits you with a cursed +1 war axe of freezing!
* * * LOW HITPOINT WARNING * * *
You feel drained.
* * * LOW HITPOINT WARNING * * *
The wight freezes you.
You die...

Skill      XL: |  1  2  3  4  5  6  7 |
---------------+----------------------+-----
Fighting       | 1 2 3 |  3.5
Air Magic      | 1 2 3 4 |  4.4
Poison Magic   | 1 2 3 4 |  4.7
Conjurations   | 5 |  5.8
Spellcasting   | 3 |  3.9
Dodging        | |  1.7
Stealth        | |  1.7

Action                   |  1- 3 |  4- 6 |  7- 9 || total
-------------------------+-------+-------+-------++-------
Melee: Hand axe          |    14 |    14 |    30 ||    58
       Kick              |     1 |     4 |     2 ||     7
Throw: Dart              |     2 |       |     4 ||     6
 Cast: Magic Dart        |    85 |    95 |    51 ||   231
       Searing Ray       |     2 |    13 |    12 ||    27
       Mephitic Cloud    |       |       |     1 ||     1
  Use: Scroll            |       |     1 |     4 ||     5
       Potion            |       |       |     7 ||     7
Armor: Robe              |     6 |     5 |    10 ||    21
       Skin              |       |       |    65 ||    65
Dodge: Dodged            |    26 |    17 |    58 ||   101

Levels and vault maps discovered:
D:1:      minmay_arrival_checkered_box, layout_loops_ring
D:2:      layout_loops_corners, elyvilon_altar_4, nicolae_ru_awakened_eye,
          chequers_ecumenical_altar_grove, minmay_tree_intersection,
          kennysheep_generic_room_5
D:3:      layout_basic
D:4:      layout_rooms, yredelemnul_altar_generic
D:5:      layout_cave_pods, serial_shops, nicolae_shop_crystal
D:7:      layout_layer_cave, cheibriados_altar_1, lemuel_temple_firewalk_a

Notes
Turn   | Place    | Note
-------+----------+-------------------------------------------
     0 | D:1      | phalm the Demonspawn Conjurer began the quest for the Orb.
     0 | D:1      | Reached XP level 1. HP: 13/13 MP: 3/3
     0 | D:1      | magus.rc [v1.9.10]
   284 | D:1      | Gained mutation: You have large cloven feet. [demonic
                  | ancestry]
   284 | D:1      | Reached XP level 2. HP: 20/20 MP: 3/5
   512 | D:1      | Learned a level 2 spell: Searing Ray
   848 | D:1      | Reached skill level 1 in Fighting
  1227 | D:2      | Reached XP level 3. HP: 26/26 MP: 3/6
  1610 | D:2      | You pick up a book of Minor Magic and begin reading...
  1610 | D:2      | You add the spells Blink, Call Imp, Slow, Conjure Flame and
                  | Mephitic Cloud to your library.
  1615 | D:2      | Learned a level 3 spell: Mephitic Cloud
  2294 | D:2      | Found a white marble altar of Elyvilon.
  2334 | D:2      | Found a sacrificial altar of Ru.
  2553 | D:2      | Found a faded altar of an unknown god.
  2827 | D:3      | Gained mutation: You have hoof-like feet. [demonic
                  | ancestry]
  2827 | D:3      | Reached XP level 4. HP: 32/32 MP: 0/7
  2904 | D:3      | Reached skill level 1 in Air Magic
  2972 | D:3      | Reached skill level 1 in Poison Magic
  3286 | D:3      | Reached XP level 5. HP: 29/38 MP: 0/9
  4084 | D:3      | Reached skill level 2 in Fighting
  4084 | D:3      | Reached skill level 5 in Conjurations
  4084 | D:3      | Reached skill level 2 in Air Magic
  4084 | D:3      | Reached skill level 2 in Poison Magic
  4572 | D:4      | Noticed an ogre
  4577 | D:4      | Killed an ogre
  4578 | D:4      | Reached skill level 3 in Spellcasting
  4578 | D:4      | Gained mutation: You are partially covered in yellow
                  | scales. (AC +2) [demonic ancestry]
  4578 | D:4      | Reached XP level 6. HP: 35/44 MP: 3/10
  4850 | D:4      | Reached skill level 3 in Poison Magic
  5058 | D:4      | Reached skill level 3 in Air Magic
  5162 | D:4      | Reached XP level 7. HP: 51/51 MP: 4/11
  5315 | D:4      | Found a basalt altar of Yredelemnul.
  5450 | D:5      | Entered Level 5 of the Dungeon
  5921 | D:5      | Found Omemn's Weapon Shoppe.
  5943 | D:5      | You pick up a book of Misfortune and begin reading...
  5943 | D:5      | You add the spells Confusing Touch, Gell's Gravitas,
                  | Petrify, Metabolic Englaciation and Yara's Violent
                  | Unravelling to your library.
  6145 | D:5      | Reached skill level 3 in Fighting
  6145 | D:5      | Reached skill level 4 in Poison Magic
  6365 | D:5      | Reached skill level 4 in Air Magic
  6472 | D:5      | Reached XP level 8. HP: 58/58 MP: 10/13
  6906 | D:5      | You fall into a shaft and drop 2 floors!
  6906 | D:7      | Found a snail-covered altar of Cheibriados.
  6921 | D:7      | HP: 13/56 [killer bee (9)]
  6933 | D:7      | HP: 18/84 [killer bee (4)]
  6936 | D:7      | HP: 8/84 [wight/cursed +0 dire flail (1)]
  6942 | D:7      | HP: 7/87 [poisoned by a killer bee]
  6949 | D:7      | HP: 7/87 [poisoned by a killer bee]
  6957 | D:7      | HP: 6/87 [poisoned by a killer bee]
  7005 | D:7      | HP: 3/58 [wight/cursed +1 war axe of freezing (10)]
  7005 | D:7      | Slain by a wight

Vanquished Creatures
  A sky beast (D:5)
  3 ogres
  2 scorpions
  3 killer bees (D:7)
  A wight (D:7)
  2 howler monkeys
  A bullfrog skeleton (D:5)
  An orc priest (D:5)
  A centaur skeleton (D:7)
  A jelly (D:4)
  2 orc wizards
  5 worker ants
  A howler monkey zombie (D:5)
  6 adders
  7 gnolls
  5 worms
  5 leopard geckos
  6 orcs
  4 giant cockroaches
  7 goblins
  7 hobgoblins
  13 jackals
  4 quokkas
  A ball python (D:2)
  8 bats
  6 frilled lizards
  10 kobolds
  A quokka skeleton (D:4)
  10 rats
124 creatures vanquished.

Table legend:
 A = Non-vault XP
 B = Vault XP
 C = Vault XP percentage of total XP
 D = Non-vault monster count
 E = Vault monster count
 F = Vault count percentage of total count
                 A         B        C        D         E       F
            +---------+---------+-------+---------+---------+-------
      Total |    1721 |       5 |   0.3 |     122 |       2 |   1.6
            +---------+---------+-------+---------+---------+-------
        D:1 |      35 |       0 |   0.0 |      21 |       0 |   0.0
        D:2 |      54 |       5 |   8.5 |      23 |       2 |   8.0
        D:3 |     211 |       0 |   0.0 |      26 |       0 |   0.0
        D:4 |     589 |       0 |   0.0 |      25 |       0 |   0.0
        D:5 |     548 |       0 |   0.0 |      21 |       0 |   0.0
        D:7 |     284 |       0 |   0.0 |       6 |       0 |   0.0
            +---------+---------+-------+---------+---------+-------

Illustrated notes

Table legend:
 A = Kills in this place as a percentage of kills in entire the game.
 B = Kills by you in this place as a percentage of kills by you in the entire game.
 C = Kills by friends in this place as a percentage of kills by friends in the entire game.
 D = Other kills in this place as a percentage of other kills in the entire game.
 E = Experience gained in this place as a percentage of experience gained in the entire game.
 F = Experience gained in this place divided by the number of levels of this place that you have seen.
                   A       B       C       D       E      F
               +-------+-------+-------+-------+-------+----------------------
         Total | 100.0 | 100.0 |   N/A | 100.0 | 100.0 | 287.7
       Dungeon | 100.0 | 100.0 |   N/A | 100.0 | 100.0 | 287.7
               +-------+-------+-------+-------+-------+----------------------

Table legend: (Time is in decaauts)
 A = Elapsed time spent in this place.
 B = Non-inter-level travel time spent in this place.
 C = Inter-level travel time spent in this place.
 D = Time resting spent in this place.
 E = Time spent auto-exploring this place.
 F = Levels seen in this place.
 G = Mean time per level.
                   A        B        C        D        E       F      G
               +--------+--------+--------+--------+--------+-----+--------+
         Total |   7029 |   6923 |    106 |     26 |   6199 |   6 | 1171.5 |
       Dungeon |   7029 |   6923 |    106 |     26 |   6199 |   6 | 1171.5 |
               +--------+--------+--------+--------+--------+-----+--------+

Top non-repeatable levels by time:
     D:2: 1783 daAuts
     D:3: 1439 daAuts
     D:4: 1300 daAuts
     D:5: 1240 daAuts
     D:1: 1162 daAuts
     D:7: 103 daAuts
